3L
AUSTIN RANGERS @ OAKLAND OAKS
08/28/2021
 
TOP OF THE 1ST
Austin Rangers batting - Pitching for Oakland Oaks : RHP John Adams
Pitching: RHP John Adams
Batting: RHB Alex Maxwell 0-0: Called Strike
0-1: Swinging Strike
0-2: Ground out 5-3 (Groundball, 5S)
Batting: SHB Carlos Kramer 0-0: Called Strike
0-1: Called Strike
0-2: Ball
1-2: Ball
2-2: Ball
3-2: Foul Ball, location: 2F
3-2: Base on Balls
Batting: RHB Florian Cesaresco 0-0: Called Strike
0-1: Foul Ball, location: 2F
0-2: Ball
1-2: Foul Ball, location: 2F
1-2: Ball
2-2: Foul Ball, location: 2F
2-2: SINGLE (Line Drive, 6)
Carlos Kramer to second
Batting: RHB Joaquín Parra 0-0: Ball
Carlos Kramer is caught stealing 3rd base
Florian Cesaresco to second
1-0: Ground out 5-3 (Groundball, 5)
Top of the 1st over - 0 run(s), 1 hit(s), 0 error(s), 1 left on base; Austin 0 - Oakland 0
BOTTOM OF THE 1ST
Oakland Oaks batting - Pitching for Austin Rangers : RHP Art Adams
Pitching: RHP Art Adams
Batting: RHB Rafael Najcrea 0-0: Foul Ball, location: 2F
0-1: Ball
1-1: Foul Ball, location: 2F
1-2: Ball
2-2: Fly out, F3 (Popup, 3SF)
Batting: LHB Johnny Hernández 0-0: Called Strike
0-1: Ball
1-1: Fly out, F9 (Flyball, 89S)
Batting: RHB Gabriel Maldonado 0-0: Called Strike
0-1: Ground out 6-3 (Groundball, 6)
Bottom of the 1st over - 0 run(s), 0 hit(s), 0 error(s), 0 left on base; Austin 0 - Oakland 0
TOP OF THE 2ND
Austin Rangers batting - Pitching for Oakland Oaks : RHP John Adams
Batting: LHB Phil Ritchie 0-0: Foul Ball, location: 2F
0-1: Foul Ball, location: 2F
0-2: Strikes out swinging
Batting: RHB Riley Howard 0-0: Ball
1-0: Ball
2-0: Swinging Strike
2-1: Ball
3-1: Called Strike
3-2: Base on Balls
Batting: LHB Jon MacIntyre 0-0: DOUBLE (Flyball, 78D)
Riley Howard to third
Batting: RHB Joseph Pate 0-0: Ball
1-0: Called Strike
1-1: Ball
2-1: Foul Ball, location: 2F
2-2: Strikes out looking
Batting: RHB Steffen Taylor 0-0: Ball
1-0: Swinging Strike
1-1: Swinging Strike
1-2: Strikes out looking
Top of the 2nd over - 0 run(s), 1 hit(s), 0 error(s), 2 left on base; Austin 0 - Oakland 0
BOTTOM OF THE 2ND
Oakland Oaks batting - Pitching for Austin Rangers : RHP Art Adams
Batting: LHB Todd Williams 0-0: Ball
1-0: Swinging Strike
1-1: Ball
2-1: Fly out, F7 (Flyball, 78S)
Batting: SHB John Allen 0-0: Called Strike
0-1: Ground out 4-3 (Groundball, 34)
Batting: RHB Jim Lee 0-0: Ball
1-0: Called Strike
1-1: Ground out 4-3 (Groundball, 4)
Bottom of the 2nd over - 0 run(s), 0 hit(s), 0 error(s), 0 left on base; Austin 0 - Oakland 0
TOP OF THE 3RD
Austin Rangers batting - Pitching for Oakland Oaks : RHP John Adams
Batting: RHB Alex Maxwell 0-0: Ball
1-0: Ball
2-0: Ball
3-0: Called Strike
3-1: Foul Ball, location: 2F
3-2: SINGLE (Line Drive, 9S)
Batting: SHB Carlos Kramer 0-0: Ball
1-0: Ball
2-0: Foul Ball, location: 2F
2-1: Fly out, F9 (Line Drive, 9D)
Batting: RHB Florian Cesaresco 0-0: Swinging Strike
0-1: Swinging Strike
0-2: Foul Ball, location: 2F
0-2: Foul Ball, location: 2F
0-2: Strikes out looking
Batting: RHB Joaquín Parra 0-0: Ball
Alex Maxwell steals 2nd base
1-0: Ground out 5-3 (Groundball, 5S)
Top of the 3rd over - 0 run(s), 1 hit(s), 0 error(s), 1 left on base; Austin 0 - Oakland 0
BOTTOM OF THE 3RD
Oakland Oaks batting - Pitching for Austin Rangers : RHP Art Adams
Batting: RHB Alden Wiley 0-0: Called Strike
0-1: Ball
1-1: Called Strike
1-2: Strikes out looking
Batting: LHB Edwin Church 0-0: Foul Ball, location: 2F
0-1: Swinging Strike
0-2: Strikes out swinging
Batting: SHB Al Anderson 0-0: Ball
1-0: Fly out, F9 (Flyball, 9M)
Bottom of the 3rd over - 0 run(s), 0 hit(s), 0 error(s), 0 left on base; Austin 0 - Oakland 0
TOP OF THE 4TH
Austin Rangers batting - Pitching for Oakland Oaks : RHP John Adams
Pitching: RHP Curt Timperley
Batting: LHB Phil Ritchie 0-0: SINGLE (Groundball, 4MD)
Batting: RHB Riley Howard 0-0: Ball
1-0: Grounds into double play, 4-6-3 (Groundball, 4)
Batting: LHB Jon MacIntyre 0-0: Ball
1-0: Ball
2-0: Called Strike
2-1: Foul Ball, location: 2F
2-2: Ground out 4-3 (Groundball, 4)
Top of the 4th over - 0 run(s), 1 hit(s), 0 error(s), 0 left on base; Austin 0 - Oakland 0
BOTTOM OF THE 4TH
Oakland Oaks batting - Pitching for Austin Rangers : RHP Art Adams
Batting: RHB Rafael Najcrea 0-0: Called Strike
0-1: Ball
1-1: Ball
2-1: Ball
3-1: Base on Balls
Batting: LHB Johnny Hernández 0-0: Ball
1-0: Called Strike
1-1: Swinging Strike
1-2: Strikes out swinging
Batting: RHB Gabriel Maldonado 0-0: Called Strike
0-1: Fly out, F3 (Popup, 3F)
Batting: LHB Todd Williams 0-0: Called Strike
Rafael Najcrea steals 2nd base
0-1: Foul Ball, location: 2F
0-2: Ball
1-2: Foul Ball, location: 2F
1-2: SINGLE (Groundball, 4MD) (infield hit)
Rafael Najcrea to third
Batting: SHB John Allen 0-0: Called Strike
0-1: Ball
1-1: Ball
2-1: Swinging Strike
2-2: Foul Ball, location: 2F
2-2: Foul Ball, location: 2F
2-2: Foul Ball, location: 2F
2-2: Strikes out swinging
Bottom of the 4th over - 0 run(s), 1 hit(s), 0 error(s), 2 left on base; Austin 0 - Oakland 0
TOP OF THE 5TH
Austin Rangers batting - Pitching for Oakland Oaks : RHP Curt Timperley
Batting: RHB Joseph Pate 0-0: Ball
1-0: Called Strike
1-1: Ball
2-1: Foul Ball, location: 2F
2-2: Strikes out swinging
Batting: RHB Steffen Taylor 0-0: Ball
1-0: Swinging Strike
1-1: Swinging Strike
1-2: DOUBLE (Line Drive, 7LM)
Batting: RHB Alex Maxwell 0-0: SINGLE (Groundball, 4MD)
Steffen Taylor to third
Batting: SHB Carlos Kramer 0-0: Called Strike
0-1: 3-RUN HOME RUN (Flyball, 9D), Distance : 378 ft
Pitching: RHP Clemente Prista
Batting: RHB Florian Cesaresco 0-0: Foul Ball, location: 2F
0-1: Ball
1-1: SINGLE (Flyball, 89S)
Batting: RHB Joaquín Parra 0-0: Ball
1-0: Called Strike
1-1: Swinging Strike
1-2: Foul Ball, location: 2F
1-2: Ground out U3 (Groundball, 3S)
Florian Cesaresco to second
Batting: LHB Phil Ritchie 0-0: Ball
1-0: SINGLE (Line Drive, 4M)
Florian Cesaresco to third
Batting: RHB Riley Howard 0-0: Ground out 4-3 (Groundball, 4D)
Top of the 5th over - 3 run(s), 5 hit(s), 0 error(s), 2 left on base; Austin 3 - Oakland 0
BOTTOM OF THE 5TH
Oakland Oaks batting - Pitching for Austin Rangers : RHP Art Adams
Batting: RHB Jim Lee 0-0: Called Strike
0-1: Ball
1-1: Foul Ball, location: 2F
1-2: Strikes out swinging
Batting: RHB Alden Wiley 0-0: Ball
1-0: Foul Ball, location: 2F
1-1: Foul Ball, location: 2F
1-2: Ball
2-2: Foul Ball, location: 2F
2-2: Ball
3-2: Fly out, F7 (Flyball, 7M)
Batting: LHB Edwin Church 0-0: Ball
1-0: Ball
2-0: Ball
3-0: Base on Balls
Batting: SHB Al Anderson 0-0: Ball
1-0: Fly out, F9 (Flyball, 89D)
Bottom of the 5th over - 0 run(s), 0 hit(s), 0 error(s), 1 left on base; Austin 3 - Oakland 0
TOP OF THE 6TH
Austin Rangers batting - Pitching for Oakland Oaks : RHP Clemente Prista
Batting: LHB Jon MacIntyre 0-0: SINGLE (Groundball, 34D)
Batting: RHB Joseph Pate 0-0: Swinging Strike
Passed Ball!
Jon MacIntyre to second
0-1: Foul Ball, location: 2F
0-2: Ball
1-2: Ball
Passed Ball!
Jon MacIntyre to third
2-2: Fly out, F9 (Flyball, 9S)
Batting: RHB Steffen Taylor 0-0: Called Strike
0-1: Ball
1-1: Fly out, F8 (Flyball, 8LM)
Runner from 3rd tags up, SCORES, throw made
Batting: RHB Alex Maxwell 0-0: Ball
1-0: Called Strike
1-1: Foul Ball, location: 2F
1-2: Foul Ball, location: 2F
1-2: Ball
2-2: Strikes out swinging
Top of the 6th over - 1 run(s), 1 hit(s), 0 error(s), 0 left on base; Austin 4 - Oakland 0
BOTTOM OF THE 6TH
Oakland Oaks batting - Pitching for Austin Rangers : RHP Art Adams
Batting: RHB Rafael Najcrea 0-0: Called Strike
0-1: Ball
1-1: Called Strike
1-2: Ball
2-2: Hit by Pitch
Batting: LHB Johnny Hernández 0-0: Ball
1-0: Foul Ball, location: 2F
1-1: Called Strike
1-2: Ball
2-2: Ball
3-2: Foul Ball, location: 2F
3-2: Base on Balls
Rafael Najcrea to second
Batting: RHB Gabriel Maldonado 0-0: Ball
1-0: Ball
2-0: Fly out, F6 (Popup, 6M)
Batting: LHB Todd Williams 0-0: Swinging Strike
0-1: Ball
1-1: Foul Ball, location: 2F
1-2: Ball
2-2: Foul Ball, location: 2F
2-2: Ball
3-2: Ground out 4-3 (Groundball, 13)
Rafael Najcrea to third
Johnny Hernández to second
Batting: SHB John Allen 0-0: Fly out, F6 (Line Drive, 6)
Bottom of the 6th over - 0 run(s), 0 hit(s), 0 error(s), 2 left on base; Austin 4 - Oakland 0
TOP OF THE 7TH
Austin Rangers batting - Pitching for Oakland Oaks : RHP Clemente Prista
Batting: SHB Carlos Kramer 0-0: Ball
1-0: Ball
2-0: Ball
3-0: Called Strike
3-1: DOUBLE (Flyball, 78XD)
Batting: RHB Florian Cesaresco 0-0: Reached on error, E1 (Groundball, 15)
Carlos Kramer to third
Batting: RHB Joaquín Parra 0-0: Ball
Wild Pitch!
Carlos Kramer scores
Florian Cesaresco to second
1-0: Ball
2-0: Ball
3-0: Called Strike
3-1: Called Strike
3-2: Strikes out looking
Pitching: RHP Ken Simms
Batting: LHB Phil Ritchie 0-0: Ball
1-0: Ball
2-0: Fly out, F9 (Flyball, 89M)
Runner from 2nd tags up, OUT at 3rd
Top of the 7th over - 1 run(s), 1 hit(s), 1 error(s), 0 left on base; Austin 5 - Oakland 0
BOTTOM OF THE 7TH
Oakland Oaks batting - Pitching for Austin Rangers : RHP Art Adams
Batting: RHB Jim Lee 0-0: Called Strike
0-1: Ball
1-1: Foul Ball, location: 2F
1-2: Ball
2-2: Fly out, F3 (Popup, 3SF)
Batting: RHB Alden Wiley 0-0: Bunt for hit - play at first, batter safe!
Batting: LHB Edwin Church 0-0: Called Strike
0-1: Fly out, F9 (Flyball, 9LMF)
Batting: SHB Al Anderson 0-0: Ball
1-0: Ball
2-0: DOUBLE (Line Drive, 89S)
Alden Wiley to third
Runner from 3rd tries for Home, throw and OUT!
Bottom of the 7th over - 0 run(s), 2 hit(s), 0 error(s), 1 left on base; Austin 5 - Oakland 0
TOP OF THE 8TH
Austin Rangers batting - Pitching for Oakland Oaks : RHP Ken Simms
Batting: RHB Riley Howard 0-0: Ball
1-0: Swinging Strike
1-1: Ball
2-1: Ball
3-1: Ground out U3 (Groundball, 3S)
Batting: LHB Jon MacIntyre 0-0: Called Strike
0-1: Ball
1-1: Ball
2-1: SINGLE (Line Drive, 56D)
Batting: RHB Joseph Pate 0-0: Ball
1-0: Called Strike
1-1: Ball
2-1: Foul Ball, location: 2F
2-2: Foul Ball, location: 2F
2-2: Ball
3-2: Foul Ball, location: 2F
3-2: Base on Balls
Jon MacIntyre to second
Batting: RHB Steffen Taylor 0-0: Ball
1-0: Swinging Strike
1-1: Ball
2-1: Foul Ball, location: 2F
2-2: SINGLE (Groundball, 34)
Jon MacIntyre to third
Joseph Pate to second
Batting: RHB Alex Maxwell 0-0: Hit by Pitch
Jon MacIntyre scores
Joseph Pate to third
Steffen Taylor to second
Batting: SHB Carlos Kramer 0-0: Foul Ball, location: 2F
0-1: Ground out 4-3 (Groundball, 13)
Joseph Pate scores
Steffen Taylor to third
Alex Maxwell to second
Batting: RHB Florian Cesaresco 0-0: Ball
1-0: Swinging Strike
1-1: Called Strike
1-2: Fly out, F8 (Flyball, 8RM)
Top of the 8th over - 2 run(s), 2 hit(s), 0 error(s), 2 left on base; Austin 7 - Oakland 0
BOTTOM OF THE 8TH
Oakland Oaks batting - Pitching for Austin Rangers : RHP Art Adams
Batting: RHB Rafael Najcrea 0-0: Swinging Strike
0-1: Foul Ball, location: 2F
0-2: Foul Ball, location: 2F
0-2: Ball
1-2: Foul Ball, location: 2F
1-2: Foul Ball, location: 2F
1-2: Foul Ball, location: 2F
1-2: Ball
2-2: DOUBLE (Line Drive, 9LM)
Batting: LHB Johnny Hernández 0-0: Swinging Strike
0-1: Swinging Strike
0-2: Ball
1-2: Ball
2-2: Hit by Pitch
Batting: RHB Gabriel Maldonado 0-0: Called Strike
0-1: Fly out, F8 (Flyball, 8LM)
Batting: LHB Todd Williams 0-0: Ball
1-0: Ball
2-0: Foul Ball, location: 2F
2-1: Foul Ball, location: 2F
2-2: SINGLE (Flyball, 78S)
Rafael Najcrea to third
Johnny Hernández to second
Runner from 3rd tries for Home, SAFE, no throw or cutoff
Batting: SHB John Allen 0-0: Ball
1-0: Ball
2-0: Called Strike
2-1: Fielders Choice at 2nd, 4-6 (Groundball, 4)
Johnny Hernández to third
Batting: RHB Jim Lee 0-0: Ball
Wild Pitch!
Johnny Hernández scores
John Allen to second
1-0: Called Strike
1-1: Foul Ball, location: 2F
1-2: Strikes out swinging
Bottom of the 8th over - 2 run(s), 2 hit(s), 0 error(s), 1 left on base; Austin 7 - Oakland 2
TOP OF THE 9TH
Austin Rangers batting - Pitching for Oakland Oaks : RHP Ken Simms
Pitching: RHP Del Lamb
Batting: RHB Joaquín Parra 0-0: Ball
1-0: Foul Ball, location: 2F
1-1: Foul Ball, location: 2F
1-2: Ball
2-2: Ground out 5-3 (Groundball, 56S)
Batting: LHB Phil Ritchie 0-0: Called Strike
0-1: Called Strike
0-2: Ball
1-2: Foul Ball, location: 2F
1-2: Ball
2-2: Foul Ball, location: 2F
2-2: Strikes out swinging
Batting: RHB Riley Howard 0-0: Ball
1-0: Called Strike
1-1: Ball
2-1: Foul Ball, location: 2F
2-2: Fly out, F8 (Flyball, 8RS)
Top of the 9th over - 0 run(s), 0 hit(s), 0 error(s), 0 left on base; Austin 7 - Oakland 2
BOTTOM OF THE 9TH
Oakland Oaks batting - Pitching for Austin Rangers : RHP Art Adams
Batting: RHB Alden Wiley 0-0: Fly out, F8 (Flyball, 8LM)
Batting: LHB Edwin Church 0-0: Ball
1-0: Fly out, F8 (Flyball, 8RS)
Batting: SHB Al Anderson 0-0: Foul Ball, location: 2F
0-1: Swinging Strike
0-2: Ball
1-2: Ball
2-2: Foul Ball, location: 2F
2-2: Foul Ball, location: 2F
2-2: Ball
3-2: Base on Balls
Pitching: RHP Bill Jensen
Batting: RHB Rafael Najcrea 0-0: Called Strike
0-1: Ball
1-1: Ball
2-1: Ball
3-1: Foul Ball, location: 2F
3-2: Base on Balls
Al Anderson to second
Batting: LHB Johnny Hernández 0-0: Ball
1-0: Foul Ball, location: 2F
1-1: Foul Ball, location: 2F
1-2: Ball
2-2: Fly out, F9 (Flyball, 9M)
Bottom of the 9th over - 0 run(s), 0 hit(s), 0 error(s), 2 left on base; Austin 7 - Oakland 2
This league is powered by Out of the Park Baseball, the baseball management simulation game for PC, Mac and Linux
Friday, January 22nd, 2016 - OOTP Baseball 16.9 Build 39